 Dungeon Crawl Stone Soup version 0.19.5-1-g796a6487f8 (webtiles) character file.

31 funkygono the Conjurer (level 3, 0/19 HPs)
             Began as a Deep Elf Conjurer on July 12, 2020.
             Killed from afar by Natasha (9 damage)
             ... with a magic dart
             ... on level 2 of the Dungeon.
             The game lasted 00:02:45 (1419 turns).

funkygono the Conjurer (Deep Elf Conjurer)          Turns: 1419, Time: 00:02:45

Health: 0/19       AC:  2    Str:  6    XL:     3   Next: 7%
Magic:  9/9        EV: 13    Int: 19    God:
Gold:   39         SH:  0    Dex: 15    Spells: 2 memorised, 5 levels left

rFire  . . .     SeeInvis .     i - +0 short sword
rCold  . . .     Gourm    .     a - +0 robe
rNeg   . . .     Faith    .     (no shield)
rPois  +         Spirit   .     (no helmet)
rElec  .         Reflect  .     (no cloak)
rCorr  .         Harm     .     (no gloves)
MR     .....                    (no boots)
Stlth  ++........               g - amulet of inaccuracy (curse)
                                (no ring)
                                e - ring of poison resistance

@: no status effects
A: no striking features
a: no special abilities


You were on level 2 of the Dungeon.
You were not hungry.

You visited 1 branch of the dungeon, and saw 2 of its levels.

You collected 39 gold pieces.

Inventory:

Hand Weapons
 i - a +0 short sword (weapon)
Armour
 a - a +0 robe (worn)
Jewellery
 e - a ring of poison resistance (left hand)
 g - a cursed amulet of inaccuracy (around neck)
 p - an uncursed ring of resist corrosion {unknown}
Wands
 m - a wand of lightning (7/15)
Scrolls
 o - a scroll of teleportation {unknown}
Potions
 d - a potion of invisibility
 f - a potion of lignification {unknown}
 h - a potion of heal wounds
 j - 2 potions of curing
 l - a potion of cancellation {unknown}
 n - a potion of mutation {unknown}
 r - a potion of magic {unknown}
Books
 b - a book of Conjurations

   Spells                             Type                      Level
   a - Magic Dart                     Conjuration                  1
   b - Searing Ray                    Conjuration                  2
   c - Dazzling Spray                 Conjuration/Hexes            3
   d - Fulminant Prism                Conjuration/Hexes            4
   e - Iskenderun's Mystic Blast      Conjuration                  4
   f - Iskenderun's Battlesphere      Conjuration/Charms           5
Comestibles
 c - a bread ration
 k - 3 fruits
 q - 2 meat rations


   Skills:
 - Level 2.4 Dodging
 - Level 2.4 Stealth
 - Level 3.0 Spellcasting
 * Level 5.5 Conjurations


You had 5 spell levels left.
You knew the following spells:

 Your Spells              Type           Power        Failure   Level  Hunger
a - Magic Dart            Conj           ###.         1%          1    None
b - Searing Ray           Conj           ###...       2%          2    ##.....


Dungeon Overview and Level Annotations

Branches:
Dungeon (2/15)

Altars:

Annotations:
D:2 Natasha


Message History

Natasha stares at you and mumbles some strange words.
The magic dart hits you!
Ouch! That really hurt!
Natasha zaps a wand.
You resist with some effort.
Natasha howls an incantation.
Natasha glows brightly for a moment.
Natasha zaps a wand.
You resist with some effort.
Natasha mumbles some strange words.
Your transformation is almost over.
You start resting.
Natasha casts a spell at you. You resist with some effort.
Your transformation has ended.
Your +0 short sword unmelds from your body.
Your +0 robe unmelds from your body.
Your ring of poison resistance unmelds from your body.
Your cursed amulet of inaccuracy unmelds from your body.
Natasha casts a spell at you. The magic dart hits you!
You die...

##......#.### #.........#
#......###..###.#.#.)....
#.....## ##.##..#.#.###.#
#......###..#...#.#.# #.#
##......#...........###.#
##...##.##h#...#.......#
#####.######.##..#######.#
#...#.######h##..# #.#
#........@...##.... ..#
#...###########'#### ###
##h## ##...## #. #5#
##.....## ## #.#
##.......## ##. #h#
###.........####..
#(..h....'.........'.....
#.#...####.........####..
#.##.## #.......## ##.


You could see Natasha.

Vanquished Creatures
  A worm (D:2)
  2 leopard geckos
  3 giant cockroaches
  3 goblins
  2 jackals (D:2)
  A quokka (D:2)
  A ball python (D:1)
  4 bats
  2 frilled lizards
  6 kobolds
  5 rats
30 creatures vanquished.

Notes
Turn   | Place    | Note
-------+----------+-------------------------------------------
     0 | D:1      | funkygono the Deep Elf Conjurer began the quest for the Orb.
     0 | D:1      | Reached XP level 1. HP: 10/10 MP: 6/6
   387 | D:1      | Reached XP level 2. HP: 15/15 MP: 6/8
   409 | D:1      | Learned a level 2 spell: Searing Ray
   452 | D:1      | Reached skill level 5 in Conjurations
  1227 | D:2      | Reached XP level 3. HP: 19/19 MP: 7/9
  1392 | D:2      | Noticed Natasha
  1419 | D:2      | Killed from afar by Natasha

Skill      XL: |  1  2 |
---------------+-------+-----
Conjurations   | 5 |  5.5
Dodging        | |  2.4
Stealth        | |  2.4
Spellcasting   | |  3.0

Action                   || total
-------------------------++-------
Melee: Short sword       ||     1
 Cast: Magic Dart        ||    53
       Searing Ray       ||     1
  Use: Scroll            ||     3
  Eat: Chunk             ||     1
Dodge: Dodged            ||     3
